 Dungeon Crawl Stone Soup version 0.18.1-1-g2f07953 (webtiles) character file.

340814 Eucla the Shatterer (level 21, -4/137 HPs)
             Began as a Gargoyle Fighter on May 7, 2016.
             Was the Champion of Okawaru.
             Splashed by a brown very ugly thing's acid (7 damage)
             ... on level 5 of the Vaults.
             The game lasted 01:16:02 (39141 turns).

Eucla the Shatterer (Gargoyle Fighter)             Turns: 39141, Time: 01:16:03

Health: -4/137     AC: 54    Str: 21    XL:     21   Next: 99%
Magic:  22/22      EV:  9    Int: 13    God:    Okawaru [******]
Gold:   1858       SH:  0    Dex: 25    Spells: 0 memorised, 20 levels left

rFire  + . .     SeeInvis +     l - +9 eveningstar (flame)
rCold  + . .     Gourm    .     G - +1 crystal plate armour
rNeg   + + +     Faith    .     s - +1 shield {reflect}
rPois  ∞         Spirit   .     Y - +1 helmet
rElec  +         Dismiss  .     y - +1 cloak {rPois}
rCorr  .         Reflect  +     g - +2 pair of gloves {Dex+3}
SustAt .         Harm     .     X - +2 pair of boots {rF+}
MR     +....                    B - amulet of regeneration
Stlth  ..........               b - ring "Xotoseakk" {+Blink rC+ rN++ SInv Stlth+}
                                z - +6 ring of dexterity

@: confused, about to teleport, corroded, flying, slowed, constricted, very
slow, somewhat resistant to hostile enchantments, extremely unstealthy
A: big wings, hooves 1, icy blue scales 1, clever 1, negative energy resistance
1, electricity resistance, unbreathing, petrification resistance, rot immunity,
AC +15
a: Stop Flying, Heroism, Finesse, Renounce Religion, Evoke Blink
}: 2/15 runes: decaying, serpentine


You were on level 5 of the Vaults.
You worshipped Okawaru.
Okawaru was exalted by your worship.
You were not hungry.

You visited 7 branches of the dungeon, and saw 39 of its levels.
You also visited: Labyrinth and Volcano.

You collected 4042 gold pieces.
You spent 2184 gold pieces at shops.

Inventory:

Hand Weapons
 l - a +9 eveningstar of flaming (weapon)
 x - the +8 mace of Amortisation {crush, rElec Dex+3}
   (Okawaru gifted it to you on level 4 of the Swamp)

   It inflicts extra damage upon your enemies.
   It affects your dexterity (+3).
   It insulates you from electricity.
Armour
 g - a +2 pair of gloves of dexterity (worn)
 s - a +1 shield of reflection (worn)
 y - a +1 cloak of poison resistance (worn)
 G - a +1 crystal plate armour (worn)
 X - a +2 pair of boots of fire resistance (worn)
 Y - a +1 helmet (worn)
Jewellery
 b - the ring "Xotoseakk" (right hand) {+Blink rC+ rN++ SInv Stlth+}
   (You found it on level 8 of the Lair of Beasts)

   [ring of protection from cold]

   It protects you from cold.
   It greatly protects you from negative energy.
   It lets you see invisible.
   It lets you blink.
   It makes you more stealthy.
 z - a +6 ring of dexterity (left hand)
 B - an amulet of regeneration (around neck)
Wands
 c - a wand of teleportation (3/9)
 d - a wand of digging (10/24)
 m - a wand of hasting (5/9)
 p - a wand of disintegration (8/24)
 F - a wand of disintegration (16/24)
 I - a wand of acid (5/15)
 J - a wand of hasting (4/9)
 N - a wand of digging (12/24)
Scrolls
 a - 5 scrolls of recharging
 i - 3 scrolls of holy word
 n - 9 scrolls of magic mapping
 o - a scroll of silence
 r - 4 scrolls of identify
 v - 3 scrolls of blinking
 w - a scroll of fog
 H - 23 scrolls of remove curse
 K - 11 scrolls of teleportation
 Q - 3 scrolls of enchant weapon
 R - 3 scrolls of fear
Potions
 e - 11 potions of brilliance
 k - 19 potions of curing
 q - 9 potions of might
 t - a potion of haste
 C - 3 potions of cancellation
 L - 4 potions of cure mutation
 M - 3 potions of resistance
 O - 2 potions of agility
 U - 2 potions of ambrosia
Miscellaneous
 D - a sack of spiders
 E - a fan of gales
Comestibles
 f - 25 bread rations
 h - 9 meat rations


   Skills:
 - Level 16.5 Fighting
 - Level 21.3 Maces & Flails
 + Level 20.9 Armour
 - Level 10.1 Dodging
 - Level 2.8 Stealth
 - Level 16.0 Shields
 - Level 1.3 Invocations
 - Level 2.5 Evocations


You had 20 spell levels left.
You didn't know any spells.

Dungeon Overview and Level Annotations

Branches:
Dungeon (15/15)            Temple (1/1) D:6            Lair (8/8) D:11
  Swamp (4/4) Lair:5        Snake (4/4) Lair:5        Slime (0/6) Lair:7
    Orc (2/2) D:12            Elf (0/3) Orc:2        Vaults (5/5) D:13
  Crypt (0/3) Vaults:2     Depths (0/5) D:15

Altars:
Ashenzari
Cheibriados
Dithmenos
Elyvilon
Fedhas
Gozag
Kikubaaqudgha
Makhleb
Nemelex Xobeh
Okawaru
Pakellas
Qazlal
Ru
Sif Muna
Trog
Vehumet
Xom
Yredelemnul
Zin
The Shining One
Beogh

Shops:
D:14 :   Orc:1 =   Orc:2 ((=*[   Snake:3 }

Annotations:
Snake:4 3 exclusions


Innate Abilities, Weirdness & Mutations

You are resistant to torment.
Your stone body is resilient (AC +15).
You are immune to poison.
Your large and strong wings let you fly indefinitely.
You resist negative energy.
You are resistant to electric shocks.
You can survive without breathing.
You are immune to petrification.
You are immune to rotting.
You have large cloven feet.
You are partially covered in icy blue scales (AC +1).
Your mind is acute. (Int +2)


Message History

The vault sentinel is empowered by the deep elf high priest's aura!
The war gargoyle hits you but does no damage.
The yaktaur captain hits you but does no damage.
The deep elf death mage hits you but does no damage.
The brown very ugly thing gores you!
* * * LOW HITPOINT WARNING * * *
You are splashed with acid!
The acid corrodes you!
The acid burns!
* * * LOW HITPOINT WARNING * * *
The vault sentinel blows a loud note on a signal horn!
The tentacled monstrosity tentacle-slaps you but does no damage. x3
The tentacled monstrosity constricts you.
The deep elf high priest intones a terrible prayer.
The yaktaur captain hits you but does no damage.
The fire giant hits you with a great sword of flaming.
* * * LOW HITPOINT WARNING * * *
The fire giant hits you but does no damage.
The yaktaur captain closely misses you. The brown very ugly thing gores you!
* * * LOW HITPOINT WARNING * * *
You are splashed with acid!
The acid burns!
You die...

## ....# .###
#.(..#
.#.##....# .
...#....##(#
....(....#
######.x..O..(##
......cCDxe.....
./....eCucc.(...
......e9@CwC....
.....(ceXcp.....
######.cDc(u..##
......(9.(..
....#p...#((.
##...#.(..# (#
#...#.(..# #
#..$#.((.#


You could see a tentacled monstrosity, a storm dragon, a frost giant, 2 very
ugly things, 2 fire giants, a quicksilver dragon, 4 yaktaur captains, a deep elf
death mage, an ettin, a deep elf sorcerer, a torpor snail shaped shifter, an
ogre mage, 2 war gargoyles, 2 vault sentinels, 2 deep elf high priests, 3
yaktaurs and 2 crawling corpses.

Vanquished Creatures
  Mennas (Vaults:4)
  Vashnia (Snake:4)
  the Lernaean hydra (Swamp:4)
  A golden dragon (Vaults:4)
  Rupert (D:13)
  Jorgrun (Swamp:4)
  A tentacled monstrosity (Vaults:4)
  2 titans (Vaults:4)
  2 sphinxes (Vaults:4)
  2 storm dragons (Vaults:4)
  Agnes (Snake:4)
  2 tengu reavers (Vaults:4)
  A fire giant (Vaults:4)
  10 greater nagas
  Maud (D:12)
  Aizul (Snake:1)
  7 vault wardens
  A frost giant (Vaults:3)
  Donald (Swamp:3)
  An orc warlord (Orc:2)
  13 ironheart preservers
  5 very ugly things
  4 stone giants
  Nessos (Lair:7)
  2 large abominations (Vaults:4)
  A deep elf demonologist (Vaults:4)
  3 salamander stormcallers
  5 small abominations (Vaults:4)
  An ettin (Vaults:4)
  26 vault guards
  2 fire dragons (Vaults:3)
  A minotaur (Lab)
  Josephine (D:10)
  11 yaktaur captains
  5 great orbs of eyes
  A deep elf high priest (Vaults:4)
  A rakshasa (Vaults:2)
  Fannar (D:10)
  Erolcha (D:13)
  12 naga warriors
  19 hydras
  10 centaur warriors
  2 ice dragons
  Erica (D:11)
  2 death knights (Vaults:4)
  6 alligators
  11 anacondas
  A catoblepas (Lair:8)
  2 death yaks (Lair:8)
  10 ogre magi
  2 orc high priests (Orc:2)
  3 tengu warriors
  3 deep troll earth magi (Vaults:1)
  13 naga sharpshooters
  A vampire mage (Vaults:2)
  A deep elf knight (Vaults:4)
  4 shock serpents
  A salamander mystic (Snake:4)
  3 shadow wraiths
  A skeletal warrior (D:12)
  4 fire crabs
  A flayed ghost (Vaults:4)
  A spriggan druid (Swamp:3)
  8 unseen horrors
  14 deep trolls
  10 swamp dragons
  A shambling mangrove (Swamp:1)
  2 sea snakes (Snake:1)
  15 ironbrand convokers
  A deep elf archer (Vaults:4)
  9 naga ritualists
  2 necromancers
  14 hill giants
  A tengu zombie (Vaults:3)
  20 orc knights
  15 mana vipers
  2 wizards
  6 manticores
  2 deep elf magi
  6 harpies
  4 griffons
  2 wolf spiders
  24 ugly things
  9 orc sorcerers
  6 cyclopes
  14 salamanders
  3 hornets
  3 elephants (Lair:8)
  2 stone giant skeletons (Vaults:3)
  35 black mambas
  Joseph (D:10)
  5 vault sentinels
  4 guardian serpents
  A human skeleton (Vaults:3)
  17 naga magi
  Psyche (D:11)
  4 molten gargoyles (D:13)
  3 gargoyles
  19 spiny frogs
  4 freezing wraiths
  A kobold demonologist (Vaults:1)
  9 komodo dragons
  2 rime drakes
  A yaktaur (shapeshifter) (Vaults:1)
  30 yaktaurs
  An efreet (Volcano)
  7 giant leeches
  A queen bee (D:9)
  4 trolls
  A two-headed ogre (shapeshifter) (D:15)
  A polar bear (Lair:8)
  4 boulder beetles
  20 two-headed ogres
  A raiju (shapeshifter) (D:13)
  Prince Ribbit (D:6)
  6 bog bodies
  28 blink frogs
  32 slime creatures
  6 spriggans
  7 redbacks
  5 vampires
  3 shadows
  6 wyverns
  16 humans (D:12)
  8 wraiths
  54 yaks
  3 basilisks
  4 hogs
  11 hippogriffs
  2 fire elementals (Volcano)
  2 hungry ghosts
  A basilisk (shapeshifter) (Vaults:3)
  27 vampire mosquitoes
  23 swamp worms
  A hippogriff (shapeshifter) (D:13)
  2 mottled dragons
  53 nagas
  8 wargs
  A harpy simulacrum (D:15)
  A soldier ant (D:12)
  15 porcupines
  13 water moccasins
  Duvessa (D:5)
  15 swamp drakes
  An eye of draining (D:11)
  An ice beast (D:11)
  55 orc warriors
  6 wasps
  2 black bears
  25 wolves
  50 ogres
  2 phantoms
  17 centaurs
  18 big kobolds
  9 crocodiles
  21 giant frogs
  A human zombie (Vaults:3)
  Dowan (D:5)
  A scorpion (D:12)
  2 orc simulacra
  24 killer bees
  A troll skeleton (D:10)
  15 wights
  4 electric eels (Snake:1)
  4 howler monkeys
  5 spriggan skeletons (D:10)
  5 crimson imps
  A lava snake (D:13)
  4 centaur zombies
  2 quasits
  3 giant frog zombies
  2 giant frog skeletons
  9 hounds
  3 jellies
  Crazy Yiuf (D:2)
  33 orc priests
  34 orc wizards
  5 centaur skeletons
  Ijyb (D:2)
  Natasha (D:4)
  11 iguanas
  9 worker ants
  18 sheep
  A hound skeleton (D:7)
  3 worker ant zombies
  4 gnolls
  12 adders
  27 river rats
  4 shadow imps
  2 white imps (Lair:8)
  3 ufetubi (Vaults:1)
  12 worms
  4 dart slugs
  6 giant geckos
  114 orcs
  A ball python (D:2)
  3 giant cockroaches
  11 goblins
  7 hobgoblins
  12 jackals
  7 quokkas
  3 bats
  A giant gecko skeleton (D:9)
  5 giant newts
  25 kobolds
  8 rats
1647 creatures vanquished.

Vanquished Creatures (collateral kills)
  Kirke (Snake:1)
1 creature vanquished.

Vanquished Creatures (others)
  2 naga sharpshooters (Snake:4)
  A salamander mystic (Vaults:2)
  6 yaktaurs
  3 nagas (Snake:4)
  An orc warrior (Vaults:5)
  A kobold (Vaults:1)
  A fire vortex (Volcano)
  29 fungi
  4 plants
48 creatures vanquished.

Grand Total: 1696 creatures vanquished

Notes
Turn   | Place    | Note
--------------------------------------------------------------
     0 | D:1      | Eucla the Gargoyle Fighter began the quest for the Orb.
     0 | D:1      | Reached XP level 1. HP: 14/14 MP: 1/1
   185 | D:1      | Reached XP level 2. HP: 15/19 MP: 2/2
   495 | D:1      | Reached XP level 3. HP: 8/24 MP: 3/3
   930 | D:1      | Reached skill level 1 in Dodging
   930 | D:1      | Reached XP level 4. HP: 20/29 MP: 4/4
   932 | D:1      | Reached skill level 3 in Maces & Flails
  1118 | D:2      | Noticed Ijyb
  1128 | D:2      | Killed Ijyb
  1128 | D:2      | Reached XP level 5. HP: 22/34 MP: 5/5
  1189 | D:2      | Found a snail-covered altar of Cheibriados.
  1259 | D:2      | Noticed Crazy Yiuf
  1267 | D:2      | Killed Crazy Yiuf
  1267 | D:2      | Reached skill level 4 in Maces & Flails
  1418 | D:2      | Found a sparkling altar of Nemelex Xobeh.
  1418 | D:2      | Found a shadowy altar of Dithmenos.
  1439 | D:2      | Found a glowing silver altar of Zin.
  1439 | D:2      | Found a white marble altar of Elyvilon.
  1439 | D:2      | Found a glowing golden altar of the Shining One.
  1528 | D:2      | Found a shattered altar of Ashenzari.
  1819 | D:3      | Reached XP level 6. HP: 37/39 MP: 6/6
  2684 | D:4      | Reached skill level 5 in Maces & Flails
  2689 | D:4      | Got a warped plate armour
  2700 | D:4      | Identified the +1 plate armour of the Jolly Ghosts {rElec Str+4} (You found it on level 4 of the Dungeon)
  2735 | D:4      | Reached skill level 5 in Fighting
  2754 | D:4      | Reached XP level 7. HP: 29/44 MP: 7/7
  2776 | D:4      | Noticed Natasha
  2783 | D:4      | Killed Natasha
  3217 | D:5      | Entered Level 5 of the Dungeon
  3251 | D:5      | Reached skill level 6 in Maces & Flails
  3263 | D:5      | Noticed Duvessa
  3264 | D:5      | Noticed Dowan
  3272 | D:5      | Killed Duvessa
  3285 | D:5      | Killed Dowan
  3285 | D:5      | Reached XP level 8. HP: 49/51 MP: 8/8
  3723 | D:5      | Found an oddly glowing altar of Pakellas.
  3723 | D:5      | Found a burning altar of Makhleb.
  3968 | D:6      | Found a radiant altar of Vehumet.
  3987 | D:6      | Found a bloodstained altar of Trog.
  4038 | D:6      | Reached skill level 1 in Stealth
  4044 | D:6      | Reached skill level 7 in Maces & Flails
  4162 | D:6      | Noticed Prince Ribbit
  4180 | D:6      | Killed Prince Ribbit
  4248 | D:6      | Found a staircase to the Ecumenical Temple.
  4321 | Temple   | Entered the Ecumenical Temple
  4335 | Temple   | Became a worshipper of Warmaster Okawaru
  4606 | D:7      | Noticed a slime creature
  4620 | D:7      | Killed a slime creature
  4620 | D:7      | Reached skill level 8 in Maces & Flails
  4634 | D:7      | Noticed a troll
  4663 | D:7      | Killed a troll
  4663 | D:7      | Reached XP level 9. HP: 29/57 MP: 9/9
  4946 | D:7      | Reached * piety under Okawaru
  5078 | D:7      | Reached skill level 9 in Maces & Flails
  6263 | D:8      | Reached skill level 10 in Maces & Flails
  6547 | D:9      | Reached ** piety under Okawaru
  6705 | D:9      | Reached XP level 10. HP: 65/65 MP: 10/10
  6982 | D:9      | Noticed a wizard
  6996 | D:9      | Killed a wizard
  6996 | D:9      | Reached skill level 11 in Maces & Flails
  7209 | D:9      | Reached *** piety under Okawaru
  7339 | D:9      | Noticed a gargoyle
  7361 | D:9      | Killed a gargoyle
  7437 | D:9      | Reached skill level 12 in Maces & Flails
  7476 | D:9      | Reached **** piety under Okawaru
  7648 | D:9      | Found a blossoming altar of Fedhas.
  7714 | D:10     | Entered Level 10 of the Dungeon
  7769 | D:10     | Reached skill level 10 in Fighting
  7800 | D:10     | Noticed a hill giant
  7818 | D:10     | Killed a hill giant
  7818 | D:10     | Reached XP level 11. HP: 70/72 MP: 11/11
  7836 | D:10     | Noticed Joseph
  7851 | D:10     | Reached skill level 1 in Evocations
  7900 | D:10     | Reached ***** piety under Okawaru
  7909 | D:10     | Killed Joseph
  8020 | D:10     | Noticed a hill giant
  8031 | D:10     | Killed a hill giant
  8031 | D:10     | Reached skill level 13 in Maces & Flails
  8145 | D:10     | Received a gift from Okawaru
  8170 | D:10     | Noticed Fannar
  8204 | D:10     | HP: 3/73 [Fannar/Ozocubu's Refrigeration (25)]
  8318 | D:10     | Noticed Josephine
  8331 | D:10     | Killed Josephine
  8385 | D:10     | Killed Fannar
  8517 | D:10     | Reached skill level 14 in Maces & Flails
  8693 | D:10     | Received a gift from Okawaru
  8762 | D:10     | Killed an unseen horror
  8762 | D:10     | Reached XP level 12. HP: 80/80 MP: 13/13
  9338 | D:11     | Noticed Psyche
  9349 | D:11     | Killed Psyche
  9683 | D:11     | Reached skill level 15 in Maces & Flails
  9735 | D:11     | Noticed Erica
  9756 | D:11     | Killed Erica
 10188 | D:11     | Found a staircase to the Lair.
 10268 | Lair:1   | Entered Level 1 of the Lair of Beasts
 10730 | Lair:1   | Reached ****** piety under Okawaru
 11123 | Lair:2   | Found a dark tunnel.
 11135 | Volcano  | Entered a volcano
 11557 | Lair:2   | Received a gift from Okawaru
 11609 | Lair:2   | Reached skill level 16 in Maces & Flails
 11831 | Lair:2   | Noticed a six-headed hydra
 11847 | Lair:2   | Killed a six-headed hydra
 12168 | Lair:3   | Reached XP level 13. HP: 74/87 MP: 14/14
 13225 | Lair:4   | Reached skill level 17 in Maces & Flails
 13636 | Lair:5   | Found a labyrinth entrance.
 13656 | Lab      | Entered a labyrinth
 13752 | Lab      | Noticed a minotaur
 13768 | Lab      | Killed a minotaur
 13781 | Lab      | Got a pitted copper ring
 13793 | Lair:5   | Identified the ring "Quem Vac" {Int+5 Dex+4} (You found it in a labyrinth)
 13958 | Lair:5   | Found a staircase to the Snake Pit.
 14105 | Lair:5   | Found a staircase to the Swamp.
 14880 | Lair:6   | Received a gift from Okawaru
 15584 | Lair:7   | Found a staircase to the Slime Pits.
 15706 | Lair:7   | Reached skill level 18 in Maces & Flails
 15734 | Lair:7   | Noticed Nessos
 15779 | Lair:7   | Killed Nessos
 15779 | Lair:7   | Gained mutation: Your large and strong wings let you fly indefinitely. [Gargoyle growth]
 15779 | Lair:7   | Reached XP level 14. HP: 86/94 MP: 15/15
 15848 | Lair:7   | Got a jewelled flail
 15849 | Lair:7   | Identified the +2 flail of Qarhohubre {elec, rN+} (You found it on level 7 of the Lair of Beasts)
 16453 | Lair:8   | Entered Level 8 of the Lair of Beasts
 16605 | Lair:8   | Received a gift from Okawaru
 17201 | Lair:8   | Received a gift from Okawaru
 17201 | Lair:8   | Reached skill level 19 in Maces & Flails
 17270 | Lair:8   | Gained mutation: You have large cloven feet. [potion of beneficial mutation]
 17272 | Lair:8   | Gained mutation: Your mind is acute. (Int +2) [potion of beneficial mutation]
 17273 | Lair:8   | Gained mutation: You are partially covered in icy blue scales (AC +1). [potion of beneficial mutation]
 17561 | Lair:8   | Reached skill level 1 in Invocations
 17665 | Lair:8   | Got a pitted tin ring
 17673 | Lair:8   | Identified the ring "Xotoseakk" {+Blink rC+ rN++ SInv Stlth+} (You found it on level 8 of the Lair of Beasts)
 18191 | D:12     | Received a gift from Okawaru
 18508 | D:12     | Found a staircase to the Orcish Mines.
 18781 | D:13     | Found a gate to the Vaults.
 18781 | D:13     | Noticed Maud
 18796 | D:12     | Killed Maud
 18945 | D:12     | Reached XP level 15. HP: 101/101 MP: 16/16
 19238 | D:13     | Reached skill level 20 in Maces & Flails
 19398 | D:13     | Noticed Rupert
 19413 | D:13     | Killed Rupert
 19936 | D:13     | Noticed Erolcha
 19942 | D:13     | Killed Erolcha
 19989 | D:13     | Received a gift from Okawaru
 20040 | D:13     | Got a translucent scale mail {god gift}
 20051 | D:13     | Identified the +1 scale mail "Yfyrusch" {rF+ SInv} (Okawaru gifted it to you on level 13 of the Dungeon)
 20086 | D:13     | Reached skill level 15 in Fighting
 20836 | D:14     | Got a heavily runed chain mail
 20847 | D:14     | Identified the cursed +0 chain mail "Kiod" {Dex+3} (You found it on level 14 of the Dungeon)
 20949 | D:14     | Reached skill level 21 in Maces & Flails
 21115 | D:14     | Found Kos Ted's Book Shoppe.
 21491 | D:15     | Entered Level 15 of the Dungeon
 21884 | D:15     | Found a staircase to the Depths.
 21902 | D:15     | Reached XP level 16. HP: 108/108 MP: 17/17
 22018 | D:15     | Received a gift from Okawaru
 22436 | Orc:1    | Entered Level 1 of the Orcish Mines
 22564 | Orc:1    | Found Exzar's Jewellery Boutique.
 22854 | Orc:2    | Entered Level 2 of the Orcish Mines
 23002 | Orc:2    | Found Bumafera's Antique Weapon Shop.
 23376 | Orc:2    | Reached skill level 5 in Shields
 23383 | Orc:2    | Found a roughly hewn altar of Beogh.
 23404 | Orc:2    | Reached skill level 5 in Armour
 23699 | Orc:2    | Found a staircase to the Elven Halls.
 23713 | Orc:2    | Found Ilysouv's Jewellery Boutique.
 23754 | Orc:2    | Found Agi Qemn's Antique Armour Boutique.
 23786 | Orc:2    | Bought an embroidered cloak for 135 gold pieces
 23811 | Orc:2    | Found Ulux's Antique Weapon Boutique.
 23818 | Orc:2    | Bought a glowing flail for 80 gold pieces
 23818 | Orc:2    | Bought a glowing morningstar for 92 gold pieces
 23843 | Orc:2    | Found Goufet's General Store.
 23849 | Orc:2    | Bought a scroll of enchant weapon for 112 gold pieces
 23849 | Orc:2    | Bought a scroll of recharging for 142 gold pieces
 23849 | Orc:2    | Bought a scroll of teleportation for 45 gold pieces
 23849 | Orc:2    | Bought a scroll of remove curse for 45 gold pieces
 23924 | Orc:2    | Bought a +6 ring of dexterity for 1053 gold pieces
 24311 | Swamp:1  | Entered Level 1 of the Swamp
 24719 | Swamp:1  | Received a gift from Okawaru
 26361 | Swamp:3  | Got a crude plate armour
 26362 | Swamp:3  | Identified the +1 plate armour of the Commoners {+Fly rF- MR+} (You found it on level 3 of the Swamp)
 26406 | Swamp:4  | Entered Level 4 of the Swamp
 26410 | Swamp:4  | Noticed Donald
 26428 | Swamp:3  | Killed Donald
 26593 | Swamp:4  | Noticed Jorgrun
 26608 | Swamp:4  | Killed Jorgrun
 26610 | Swamp:4  | Reached XP level 17. HP: 110/116 MP: 18/18
 26705 | Swamp:4  | Reached skill level 5 in Dodging
 26712 | Swamp:4  | Noticed the 27-headed Lernaean hydra
 26729 | Swamp:4  | Killed the 27-headed Lernaean hydra
 26788 | Swamp:4  | Received a gift from Okawaru
 26789 | Swamp:4  | Got a dazzling mace {god gift}
 26791 | Swamp:4  | Identified the +8 mace of Amortisation {crush, rElec Dex+3} (Okawaru gifted it to you on level 4 of the Swamp)
 26966 | Swamp:4  | Got a decaying rune of Zot
 27677 | Snake:1  | Entered Level 1 of the Snake Pit
 27775 | Snake:1  | Received a gift from Okawaru
 27791 | Snake:1  | Noticed Kirke
 28029 | Snake:1  | Noticed Aizul
 28041 | Snake:1  | Killed Aizul
 28041 | Snake:1  | Reached skill level 10 in Shields
 28113 | Snake:1  | Reached skill level 10 in Armour
 28794 | Snake:1  | You are sucked into a shaft!
 28815 | Snake:2  | Received a gift from Okawaru
 29148 | Snake:2  | Reached XP level 18. HP: 122/122 MP: 19/19
 29369 | Snake:1  | Killed Kirke
 29630 | Snake:3  | Found Tuijuac's Gadget Shop.
 29638 | Snake:3  | Bought a fan of gales for 480 gold pieces
 30244 | Snake:3  | Received a gift from Okawaru
 30588 | Snake:4  | Entered Level 4 of the Snake Pit
 30695 | Snake:4  | Noticed Vashnia
 30742 | Snake:4  | Killed Vashnia
 30954 | Snake:4  | Received a gift from Okawaru
 31177 | Snake:4  | Noticed Agnes
 31188 | Snake:4  | Killed Agnes
 31627 | Snake:4  | Reached XP level 19. HP: 120/127 MP: 20/20
 31914 | Snake:4  | Received a gift from Okawaru
 32136 | Snake:4  | Got a serpentine rune of Zot
 32165 | Snake:4  | Reached skill level 10 in Dodging
 32535 | Vaults:1 | Entered Level 1 of the Vaults
 32617 | Vaults:1 | Paralysed by a great orb of eyes for 6 turns
 32859 | Vaults:1 | Paralysed by an orc sorcerer for 7 turns
 33297 | Vaults:1 | Received a gift from Okawaru
 33524 | Vaults:1 | Reached skill level 15 in Shields
 34309 | Vaults:2 | Reached XP level 20. HP: 128/132 MP: 21/21
 35147 | Vaults:2 | Found a staircase to the Crypt.
 35353 | Vaults:3 | Received a gift from Okawaru
 35428 | Vaults:3 | Reached skill level 15 in Armour
 36196 | Vaults:3 | Identified a scroll of acquirement
 37372 | Vaults:4 | Received a gift from Okawaru
 37394 | Vaults:4 | Reached XP level 21. HP: 72/137 MP: 22/22
 37725 | Vaults:4 | Noticed Mennas
 37778 | Vaults:4 | Killed Mennas
 37994 | Vaults:5 | Entered Level 5 of the Vaults
 38050 | Vaults:4 | Received a gift from Okawaru
 38363 | Vaults:4 | Paralysed by a sphinx for 2 turns
 38729 | Vaults:5 | Noticed a golden dragon
 38830 | Vaults:4 | Killed a golden dragon
 38830 | Vaults:4 | Received a gift from Okawaru
 39141 | Vaults:5 | HP: 3/137 [brown very ugly thing (7)]
 39141 | Vaults:5 | Splashed by a brown very ugly thing's acid

Skill      XL: |  1  2  3  4  5  6  7  8  9 10 11 12 13 14 15 16 17 18 19 20 21 |
---------------+----------------------------------------------------------------+-----
Fighting       | 4 5 7 8 10 11 12 13 14 15 16 | 16.5
Dodging        | 1 2 3 4 7 9 10 | 10.1
Maces & Flails | 3 4 5 6 8 10 12 14 16 18 19 21 | 21.3
Stealth        | 1 2 |  2.8
Evocations     | 2 |  2.5
Invocations    | 1 |  1.3
Armour         | 7 10 12 13 17 20 | 20.9
Shields        | 7 10 12 16 | 16.0

Action                   |  1- 3 |  4- 6 |  7- 9 | 10-12 | 13-15 | 16-18 | 19-21 || total
-------------------------+-------+-------+-------+-------+-------+-------+-------++-------
Melee: Flail             |    57 |   145 |       |       |  1209 |   836 |       ||  2247
       Whip              |       |    91 |   502 |  1265 |   929 |       |       ||  2787
       Morningstar       |       |       |       |   105 |       |       |       ||   105
       Eveningstar       |       |       |       |       |       |   869 |  1806 ||  2675
       Unarmed           |       |       |       |       |       |    12 |       ||    12
Invok: Heroism           |       |       |       |     3 |     1 |     3 |     2 ||     9
       Finesse           |       |       |       |       |     1 |       |     1 ||     2
 Abil: Fly               |       |       |       |       |     1 |     1 |       ||     2
Evoke: Wand              |       |       |       |    14 |     1 |     2 |       ||    17
  Use: Potion            |     1 |       |     4 |     2 |     4 |     5 |     8 ||    24
       Scroll            |       |       |    19 |    13 |    18 |    20 |     8 ||    78
  Eat: Chunk             |       |     6 |     9 |     7 |    11 |     6 |       ||    39
       Fruit             |       |       |     6 |     3 |       |     8 |     8 ||    25
       Beef jerky        |       |       |     2 |     1 |     2 |     3 |     2 ||    10
       Pizza             |       |       |     1 |     2 |     2 |       |     1 ||     6
       Royal jelly       |       |       |       |     1 |     9 |     5 |       ||    15
       Meat ration       |       |       |       |       |       |     2 |     3 ||     5
Armor: Scale mail        |    29 |   110 |       |       |       |       |       ||   139
       Plate armour      |       |    18 |   236 |   717 |  1402 |  1064 |       ||  3437
       Skin              |       |       |    15 |       |       |       |       ||    15
       Crystal plate arm |       |       |       |       |       |    55 |  1411 ||  1466
Dodge: Dodged            |    12 |    88 |   131 |   312 |   783 |   668 |   762 ||  2756
Block: Shield            |    31 |    60 |       |       |       |   620 |  1655 ||  2366
       Buckler           |       |    25 |    86 |   183 |   569 |   294 |       ||  1157
       Reflection        |       |       |       |       |    14 |    65 |   107 ||   186
